 Seeded DCSS version 0.32-a0-473-gd044c6f0f0 (webtiles) character file.

Game seed: 7220356206648857820 (custom seed)

394 CInkIbrahim the Poker (level 6, 47/47 HPs)
             Began as a Coglin Fighter on Feb 26, 2024.
             Was a Believer of Lugonu.
             Quit the game on level 4 of the Dungeon.
             The game lasted 00:03:43 (2506 turns).

CInkIbrahim the Poker (Coglin Fighter)              Turns: 2506, Time: 00:03:44

Health: 47/47      AC: 23    Str: 14    XL:     6   Next: 82%
Magic:  6/6        EV:  0    Int:  8    God:    Lugonu [**....]
Gold:   47         SH:  0    Dex: 13    Spells: 5/5 levels left

rFire   + . .        a - +8 lance "Wyrmbane" {slay drac, rPois rF+ rC+ AC+3}
rCold   + . .        i - +4 demon trident (elec) {Kasem}
rNeg    . . .        j - +5 crystal plate armour of Uskayaw's Reproof {Will++ Str-4}
rPois   +            (no helmet)
rElec   .            (no cloak)
rCorr   .            (no gloves)
SInv    .            (no boots)
Will    ++...        (no amulet) Stlth
                     (ring unavailable)
HPRegen 0.27/turn    (ring unavailable)
MPRegen 0.10/turn

%: no passive effects
@: no status effects
A: off-hand wielding, slow wielding, warmup strikes, no rings
a: Renounce Religion, Depart the Abyss, Banish


You were on level 4 of the Dungeon.
You worshipped Lugonu.
Lugonu was pleased with you.
You visited 1 branch of the dungeon, and saw 4 of its levels.

You collected 190 gold pieces.
You spent 143 gold pieces at shops.

Inventory:

Hand Weapons
 a - the +8 lance "Wyrmbane" (weapon) {slay drac, rPois rF+ rC+ AC+3}
   (You acquired it on level 2 of the Dungeon)

   AC+3:      It affects your AC (+3).
   rF+:       It protects you from fire.
   rC+:       It protects you from cold.
   rPois:     It protects you from poison
 i - a +4 demon trident of electrocution (offhand) {Kasem}
Missiles
 t - 2 throwing nets (quivered)
Armour
 b - a +0 scale mail
 c - a +0 buckler
 j - the +5 crystal plate armour of Uskayaw's Reproof (worn) {Will++ Str-4}
   (You acquired it on level 2 of the Dungeon)

   Str-4:     It affects your strength (-4).
   Will++:    It greatly increases your willpower.
Wands
 s - a wand of charming (7)
 u - a wand of iceblast (12)
Scrolls
 e - a scroll of vulnerability {unknown}
 k - 3 scrolls of teleportation {unknown}
 m - a scroll of amnesia {unknown}
 n - 3 scrolls of identify {unknown}
 v - a scroll of acquirement
 w - a scroll of blinking {unknown}
Potions
 d - 2 potions of might
 f - a potion of degeneration {unknown}
 g - 2 potions of invisibility {unknown}
 h - 2 potions of enlightenment {unknown}
 l - 5 potions of curing
 o - 3 potions of mutation
 p - 2 potions of lignification {unknown}
 q - a potion of magic {unknown}
 r - a potion of attraction {unknown}


   Skills:
 - Level 3.0 Fighting
 * Level 6.4 Polearms
 - Level 2.6 Armour
 - Level 2.1 Shields


You had 5 spell levels left.
You didn't know any spells.
Your spell library contained the following spells:

 Spells                   Type           Power      Damage    Failure   Level
 Dazzling Flash           Conj/Hex       0%         N/A       100%        3
 Volatile Blastmotes      Fire/Tloc      0%         2d10      100%        3
 Starburst                Conj/Fire      0%         6d3       100%        6
 Maxwell's Capacitive Co  Air            0%         ∞         100%        8


Dungeon Overview and Level Annotations

Branches:
Dungeon (4/15)
 Temple: D:4-7

Altars:
Lugonu

Shops:
D:3 !


Innate Abilities, Weirdness & Mutations

You can wield a second weapon in your off-hand.
It takes a long time for you to wield or remove held weapons.
Your first few attacks do less damage.
Your grasper-arms cannot wear rings.


Message History

Lugonu accepts your kill.
w - a scroll labelled BYOKUPN JOTEFE No target in view!
The endoplasm quivers.
The endoplasm jiggles.
h - 2 bubbling pink potions (gained 1)
You now have 34 gold pieces (gained 9).
You open the door.
There is an open door here.
Found a stone staircase leading down.
No target in view!
v - 2 scrolls of acquirement (gained 1)
Found a stone staircase leading up.
No target in view!
An endoplasm comes into view.
Found a scroll labelled ACKYBI LAWKUF.
The endoplasm quivers.
An endoplasm is nearby!
An endoplasm is nearby!
You reach to attack!
You hit the endoplasm with the +8 lance "Wyrmbane".
The endoplasm is lightly wounded.
You puncture the endoplasm with your +4 demon trident of electrocution!
You kill the endoplasm!
Lugonu accepts your kill.
Found a stone staircase leading down.
No target in view!
You now have 47 gold pieces (gained 13).
k - 3 scrolls labelled ACKYBI LAWKUF (gained 1)
You open the door.
Found an escape hatch in the ceiling.
No target in view!
There is an open door here.
o - 3 potions of mutation (gained 1)
You open the door.
Found a hand axe.
No target in view!
Something appears at your feet!
Okay, then.
Are you sure you want to abandon this character and quit the game? (Confirm with "yes".)

#........# #.#...#.##.#
#........###..<.......#
#........'...#..##.####
#........###.#..# ..
#....<...# #....######
#........# #.#.....#
#........#####..##.#
#...............##.#
#...#+#@....###.##.#
+....)'.....# #.##.#
#...###.....# #.##.# #.
......# #.##.#
##..######.##.#
#..####...##.#
#..##...#....#
##.....##.##.#
#>#...##.####


There were no monsters in sight!

Vanquished Creatures
  Sigmund (D:3)
  A phantom (D:4)
  A scorpion (D:3)
  Ijyb (D:3)
  4 adders (D:2)
  A dart slug (D:1)
  A ribbon worm (D:2)
  3 endoplasms
  A giant cockroach (D:2)
  7 goblins
  3 hobgoblins
  2 quokkas (D:1)
  4 ball pythons
  A bat (D:2)
  4 frilled lizards
  5 rats (D:2)
40 creatures vanquished.

Notes
Turn   | Place    | Note
-------+----------+-------------------------------------------
     0 | D:1      | CInkIbrahim the Coglin Fighter began the quest for the Orb.
     0 | D:1      | Reached XP level 1. HP: 18/18 MP: 1/1
    68 | D:1      | Reached skill level 2 in Polearms
   277 | D:1      | Found a faded altar of an unknown god.
   311 | D:1      | Reached XP level 2. HP: 19/24 MP: 2/2
   320 | D:1      | Prayed at the altar of an unknown god.
   320 | D:1      | Became a worshipper of Lugonu the Unformed
   320 | D:1      | Reached * piety under Lugonu
   650 | D:2      | Identified 3 scrolls of acquirement
   650 | D:2      | Acquired the +5 crystal plate armour of Uskayaw's Reproof
                  | {Will++ Str-4}
   651 | D:2      | Acquired a +4 demon trident of electrocution
   652 | D:2      | Acquired the +8 lance "Wyrmbane" {slay drac, rPois rF+ rC+
                  | AC+3}
   652 | D:2      | Found the +8 lance "Wyrmbane" {slay drac, rPois rF+ rC+
                  | AC+3}
  1017 | D:2      | Reached skill level 3 in Polearms
  1017 | D:2      | Reached XP level 3. HP: 29/29 MP: 3/3
  1300 | D:2      | Reached XP level 4. HP: 35/35 MP: 4/4
  1578 | D:2      | Reached skill level 4 in Polearms
  1672 | D:3      | Reached ** piety under Lugonu
  1718 | D:3      | Noticed Ijyb
  1720 | D:3      | Killed Ijyb
  1785 | D:3      | Noticed a scorpion
  1789 | D:3      | Killed a scorpion
  1790 | D:3      | Reached XP level 5. HP: 35/41 MP: 5/5
  1891 | D:3      | Noticed Sigmund
  1899 | D:3      | Killed Sigmund
  1900 | D:3      | Reached skill level 6 in Polearms
  1900 | D:3      | Reached XP level 6. HP: 44/47 MP: 6/6
  2236 | D:3      | Found Rezxetoc's Distillery.
  2242 | D:3      | Bought a potion of mutation for 104 gold pieces
  2242 | D:3      | Bought a potion of curing for 39 gold pieces
  2505 | D:4      | Acquired 873 gold pieces
  2506 | D:4      | Quit the game

Illustrated notes

Levels and vault maps discovered:
D:1:      psy_arrival_whirlpool, layout_basic,
          shapermc_ecumenical_altar_starsandcircs, minmay_strange_pillars
D:2:      kennysheep_big_flooded_room, layout_loops_corners, minmay_cut_off
D:3:      layout_loops_ring, serial_shops,
          nicolae_shop_temple_entry_statues_fountains, grunt_decor_clamped,
          uniq_sigmund, uniq_ijyb
D:4:      layout_basic, minmay_temple_entry_glassed_door, minmay_quadrilaterals

Skill      XL: |  1  2  3  4  5 |
---------------+----------------+-----
Polearms       | 2 3 4 6 |  6.4
Fighting       | |  3.0
Armour         | |  2.6
Shields        | |  2.1

Action                     |  1- 3 |  4- 6 || total
---------------------------+-------+-------++-------
  Melee: Trident           |    23 |       ||    23
         Lance             |    24 |    20 ||    44
         Demon trident     |    21 |    21 ||    42
    Use: Scroll            |     3 |     1 ||     4
 Armour: Scale mail        |     7 |       ||     7
         Crystal plate arm |    13 |     8 ||    21
  Dodge: Dodged            |     4 |     1 ||     5
  Block: Buckler           |     4 |       ||     4

Table legend: (Time is in decaauts)
 A = Elapsed time spent in this place.
 B = Non-inter-level travel time spent in this place.
 C = Inter-level travel time spent in this place.
 D = Time resting spent in this place.
 E = Time spent auto-exploring this place.
 F = Levels seen in this place.
 G = Mean time per level.
                   A        B        C        D        E       F      G
               +--------+--------+--------+--------+--------+-----+--------+
         Total |   2513 |   2403 |    110 |      0 |   2097 |   4 |  628.2 |
       Dungeon |   2513 |   2403 |    110 |      0 |   2097 |   4 |  628.2 |
               +--------+--------+--------+--------+--------+-----+--------+

Top non-repeatable levels by time:
     D:2: 1059 daAuts
     D:3: 652 daAuts
     D:1: 600 daAuts
     D:4: 201 daAuts
